 Dungeon Crawl Stone Soup version 0.30.0-3-ga4e48a9924 (webtiles) character file.

Game seed: 16032043946988770259

34495 PoweredByGinger the Severer (level 13, 0/105 HPs)
             Began as a Minotaur Fighter on May 8, 2023.
             Was a High Priest of Okawaru.
             Slain by a black mamba (12 damage)
             ... on level 4 of the Lair of Beasts.
             The game lasted 00:29:41 (15628 turns).

PoweredByGinger the Severer (Minotaur Fighter)     Turns: 15628, Time: 00:29:43

Health: 0/105      AC: 19    Str: 24    XL:     13   Next: 42%
Magic:  26/26      EV: 10    Int:  7    God:    Okawaru [*****.]
Gold:   704        SH:  8    Dex:  9    Spells: 12/12 levels left

rFire   + . .        a - +0 war axe
rCold   + . .        c - +0 buckler
rNeg    . . .        Q - +5 scale mail of Ugryntad {Int+2}
rPois   .            G - +0 hat of the Shoals {rC+}
rElec   .            L - +1 cloak
rCorr   .            O - +1 pair of gloves
SInv    +            (no boots)
Will    .....        n - amulet of the acrobat Stlth
                     E - ring of protection from fire
HPRegen 1.17/turn    N - ring of Greed {+Blink MP+9 Dex-3 Slay+4 SInv}
MPRegen 0.20/turn

%: acrobat
@: lethally poisoned (0 -> -27)
A: horns 2, retaliatory headbutt, iridescent scales 1, sense surroundings 1,
regeneration 1, inability to drink after injury 1, sturdy frame 1
a: Renounce Religion, Evoke Blink, Heroism, Finesse, Duel


You were on level 4 of the Lair of Beasts.
You worshipped Okawaru.
Okawaru was extremely pleased with you.
You visited 3 branches of the dungeon, and saw 16 of its levels.

You collected 1089 gold pieces.
You spent 385 gold pieces at shops.

Inventory:

Hand Weapons
 a - a +0 war axe (weapon)
 b - a +5 spear of flaming
Missiles
 o - 12 boomerangs (quivered)
 I - 24 poisoned darts
Armour
 c - a +0 buckler (worn)
 u - a +0 plate armour
 G - the +0 hat of the Shoals (worn) {rC+}
   (Okawaru gifted it to you on level 3 of the Lair of Beasts)

   rC:        It protects you from cold.
 L - a +1 cloak (worn)
 O - a +1 pair of gloves (worn)
 Q - the +5 scale mail of Ugryntad (worn) {Int+2}
   (Okawaru gifted it to you on level 10 of the Dungeon)

   Int:       It affects your intelligence (+2).
Jewellery
 n - an amulet of the acrobat (around neck)
 E - a ring of protection from fire (left hand)
 N - the ring of Greed (right hand) {+Blink MP+9 Dex-3 Slay+4 SInv}
   (You found it on level 9 of the Dungeon)

   [ring of slaying]

   Dex:       It affects your dexterity (-3).
   Slay:      It affects your accuracy & damage with ranged weapons and melee
   (+4).
   MP:        It affects your magic capacity (+9).
   SInv:      It lets you see invisible.
   +Blink:    It lets you blink.
Wands
 y - a wand of digging (8)
 z - a wand of polymorph (7)
 R - a wand of flame (7)
 T - a wand of mindburst (6)
Scrolls
 e - 6 scrolls of enchant weapon {unknown}
 g - 2 scrolls of enchant armour {unknown}
 i - 3 scrolls of poison
 l - 3 scrolls of magic mapping
 m - 2 scrolls of immolation {unknown}
 p - 2 scrolls of vulnerability {unknown}
 v - 3 scrolls of noise {unknown}
 A - a scroll of fear
 C - a scroll of fog {unknown}
 D - 2 scrolls of torment {unknown}
 F - a scroll of identify
 J - a scroll of amnesia {unknown}
 M - 9 scrolls of teleportation
 P - 2 scrolls of silence {unknown}
Potions
 d - 3 potions of might
 f - 6 potions of curing
 h - a potion of brilliance
 j - a potion of attraction
 k - 4 potions of resistance
 q - a potion of flight
 r - a potion of magic
 s - a potion of cancellation
 t - a potion of berserk rage {unknown}
 w - a potion of invisibility
 x - 3 potions of heal wounds
 B - 3 potions of ambrosia
 H - a potion of haste
 K - a potion of lignification {unknown}


   Skills:
 - Level 7.3 Fighting
 * Level 18.4 Axes
 - Level 7.3 Armour
 - Level 16.8 Shields
 - Level 6.9 Invocations


You had 12 spell levels left.
You didn't know any spells.
Your spell library contained the following spells:

 Spells                   Type           Power      Damage    Failure   Level
 Beastly Appendage        Tmut           0%         N/A       63%         1
 Cigotuvi's Dreadful Rot  Necr/Pois/Air  0%         N/A       77%         2
 Lesser Beckoning         Tloc           0%         N/A       77%         2
 Sublimation of Blood     Necr           0%         N/A       77%         2
 Wereblood                Tmut           0%         N/A       77%         2
 Gell's Gravitas          Tloc           0%         N/A       94%         3
 Ignite Poison            Fire/Tmut/Pois 0%         N/A       94%         3
 Portal Projectile        Hex/Tloc       0%         N/A       94%         3
 Spider Form              Tmut/Pois      0%         N/A       94%         3
 Teleport Other           Tloc           0%         N/A       94%         3
 Petrify                  Tmut/Erth      0%         N/A       100%        4
 Alistair's Intoxication  Tmut/Pois      0%         N/A       100%        5
 Blade Hands              Tmut           0%         N/A       100%        5
 Borgnjor's Vile Clutch   Necr/Erth      0%         N/A       100%        5
 Freezing Cloud           Conj/Ice/Air   0%         6-21      100%        5
 Irradiate                Conj/Tmut      0%         3d11      100%        5
 Iskenderun's Battlesphe  Conj           0%         2d6       100%        5
 Eringya's Noxious Bog    Tmut/Pois      0%         N/A       100%        6
 Iron Shot                Conj/Erth      0%         9d1       100%        6
 Summon Small Mammal      Summ           Unusable   N/A       N/A         1
 Call Canine Familiar     Summ           Unusable   N/A       N/A         3
 Summon Guardian Golem    Hex/Summ       Unusable   N/A       N/A         3
 Tukima's Dance           Hex            Unusable   N/A       N/A         3
 Spellforged Servitor     Conj/Summ      Unusable   N/A       N/A         7

Dungeon Overview and Level Annotations

Branches:
Dungeon (11/15)            Temple (1/1) D:5            Lair (4/5) D:11
 Shoals (0/4) Lair:2       Spider (0/4) Lair:2          Orc (0/2) D:10
  Slime: Lair:4-5

Altars:
Ashenzari
Cheibriados
Dithmenos
Elyvilon
Fedhas
Gozag
Hepliaklqana
Kikubaaqudgha
Makhleb
Nemelex Xobeh
Okawaru
Qazlal
Ru
Sif Muna
Trog
Uskayaw
Vehumet
Wu Jian
Xom
Yredelemnul
Zin
The Shining One

Shops:
D:3 =*?*(   D:4 [   D:5 ?:=   D:6 (   D:10 ([[[

Annotations:
D:7 Psyche
D:9 2 runed translucent doors
Lair:2 3 runed translucent doors, Elebi's ghost, journeyman DrTm; Huxoxzufuz's ghost, journeyman GnFi; Kotami's ghost, journeyman OpFi; Qucvyi Areg's ghost, journeyman DrTm; TrollFarmer's ghost, journeyman SpEn
Lair:3 2 transporters


Innate Abilities, Weirdness & Mutations

You have a pair of horns on your head.
You reflexively headbutt those who attack you in melee.
You are partially covered in iridescent scales. (AC +2)
You passively map a small area around you.
Your natural rate of healing is unusually fast.
You occasionally lose the ability to drink potions when taking damage.
Your movements are slightly less encumbered by armour. (ER -2)


Message History

You hit the wyvern but do no damage.
The wyvern is almost dead.
You hit the black mamba.
You feel very sick. You block the black mamba's attack. The wyvern bites you.
You barely miss the wyvern.
You headbutt the wyvern, but do no damage.
The wyvern is almost dead.
You miss the black mamba.
You feel sick. The black mamba completely misses you. The wyvern bites you.
The black mamba bites you but does no damage.
You slash the wyvern!
You kill the wyvern!
Okawaru accepts your kill.
You closely miss the black mamba.
You feel very sick. The black mamba bites you!
You are more poisoned.
The black mamba poisons you!
Unknown command.
You closely miss the black mamba. Your headbutt misses the black mamba.
The black mamba is severely wounded.
You feel very sick. The black mamba closely misses you.
You furiously retaliate!
You headbutt the black mamba!
Unknown command.
You closely miss the black mamba.
The black mamba is almost dead.
You feel very sick. The black mamba bites you!
* * * LOW HITPOINT WARNING * * *
Unknown command.
You closely miss the black mamba. Your headbutt misses the black mamba.
The black mamba is almost dead.
You feel very sick. The black mamba bites you!
* * * LOW HITPOINT WARNING * * *
You are lethally poisoned!
The black mamba poisons you! The black mamba bites you!
You die...

...........# ##...# ##.* #.....
..........## #..>.# .., #....#
..........#####....####..*###....
...........#..P......#..###......
.................................
............##.P..###P...........
######...#.#####.## ###...P.##..#
#....## #..#* #..######## #....
#@#.## #..## * #...#**
#.S†..P##..†# ## * #...,
#...........######. , .... ,
................... ,
,.#........<......... , *
*###....#.#........... * *
....#####.......... , , ....#
##.......... , #...........


You could see a black mamba.

Vanquished Creatures
  A fire dragon (D:9)
  4 hydras
  2 centaur warriors (D:9)
  A catoblepas (Lair:3)
  5 death yaks (Lair:1)
  A boulder beetle (Lair:4)
  Pikel (D:3)
  An ugly thing (D:9)
  2 cyclopes (D:9)
  2 manticores (D:11)
  2 black mambas
  Maurice (D:8)
  A torpor snail (Lair:1)
  8 cane toads
  Maggie (D:6)
  11 komodo dragons
  A tengu conjurer (D:9)
  A polar bear (Lair:3)
  3 trolls
  3 hornets
  10 blink frogs
  A snapping turtle (Lair:2)
  3 jumping spiders (Lair:2)
  3 wraiths
  4 culicivoras (Lair:2)
  3 wyverns
  Eustachio (D:4)
  2 basilisks
  24 yaks
  4 vampire mosquitoes
  A redback (Lair:2)
  A steam dragon (D:6)
  2 acid dragons
  4 water moccasins
  An ice beast (D:5)
  6 orc warriors
  6 wolves
  5 centaurs
  3 ogres
  2 lemures (D:3)
  4 phantoms
  A kobold brigand (D:9)
  9 bullfrogs
  7 scorpions
  A water moccasin zombie (D:5)
  2 gnoll sergeants
  17 wights
  11 killer bees
  6 howler monkeys
  2 electric eels (Lair:2)
  A centaur zombie (D:5)
  2 hounds
  A gnoll bouda (D:7)
  11 orc priests
  3 jellies
  7 iguanas
  A sleepcap (D:4)
  15 orc wizards
  7 adders
  11 gnolls
  A shadow imp (D:5)
  3 white imps
  4 dart slugs
  60 orcs
  2 bats
  2 endoplasms
  2 giant cockroaches (D:2)
  4 goblins
  5 hobgoblins
  9 jackals
  9 kobolds
  5 quokkas
  5 ball pythons
  2 frilled lizards
  6 rats
  A butterfly (Lair:1)
377 creatures vanquished.

Vanquished Creatures (others)
  A swamp drake (D:10)
  12 fungi
  11 plants
24 creatures vanquished.

Grand Total: 401 creatures vanquished

Notes
Turn   | Place    | Note
-------+----------+-------------------------------------------
     0 | D:1      | PoweredByGinger the Minotaur Fighter began the quest for
                  | the Orb.
     0 | D:1      | Reached XP level 1. HP: 19/19 MP: 0/0
    93 | D:1      | Reached XP level 2. HP: 27/27 MP: 1/1
   734 | D:2      | Reached skill level 3 in Axes
   788 | D:2      | Reached XP level 3. HP: 33/33 MP: 2/2
  1176 | D:3      | Found Qen Relo's Assorted Antiques.
  1219 | D:3      | Found Joroymai's Weapon Boutique.
  1259 | D:3      | Found an opulent altar of Gozag.
  1308 | D:3      | Found Luclaeha's Assorted Antiques.
  1332 | D:3      | Bought a fizzy red potion for 21 gold pieces
  1332 | D:3      | Bought a scroll labelled DUTANI VADIM for 24 gold pieces
  1467 | D:3      | Reached XP level 4. HP: 40/40 MP: 3/3
  1470 | D:3      | Reached skill level 5 in Shields
  1601 | D:3      | Found Zoczieq's Magic Scroll Shop.
  1609 | D:3      | Bought a scroll of identify for 20 gold pieces
  1609 | D:3      | Bought a scroll of identify for 20 gold pieces
  1878 | D:3      | Found Oroem's Jewellery Shoppe.
  2079 | D:3      | Bought a scroll of teleportation for 30 gold pieces
  2115 | D:4      | Reached skill level 4 in Axes
  2138 | D:4      | Reached XP level 5. HP: 42/46 MP: 4/4
  2240 | D:4      | Noticed a lemure
  2241 | D:4      | Noticed a lemure
  2241 | D:4      | Noticed Pikel
  2245 | D:4      | Noticed a lemure
  2262 | D:3      | Killed a lemure
  2385 | D:4      | Noticed a lemure
  2417 | D:3      | Killed a lemure
  2478 | D:4      | Noticed Eustachio
  2543 | D:4      | Killed Eustachio
  2544 | D:4      | Reached skill level 5 in Axes
  2544 | D:4      | Reached XP level 6. HP: 50/52 MP: 5/5
  2757 | D:4      | Found Wuhusece's Antique Armour Boutique.
  2812 | D:3      | Killed Pikel
  2813 | D:3      | Reached skill level 6 in Axes
  2813 | D:3      | Reached XP level 7. HP: 42/58 MP: 6/6
  3036 | D:5      | Entered Level 5 of the Dungeon
  3197 | D:4      | Reached XP level 8. HP: 49/66 MP: 7/7
  3334 | D:5      | Reached skill level 7 in Axes
  3420 | D:4      | Reached skill level 10 in Shields
  3555 | D:5      | Found a staircase to the Ecumenical Temple.
  3582 | Temple   | Entered the Ecumenical Temple
  3728 | Temple   | Became a worshipper of Warmaster Okawaru
  4123 | D:5      | Found a radiant altar of Vehumet.
  4204 | D:5      | Found a hide-covered altar of Uskayaw.
  4347 | D:5      | Reached skill level 8 in Axes
  4366 | D:5      | Found a basalt altar of Yredelemnul.
  4462 | D:5      | Found Item's Magic Scroll Shop.
  4465 | D:5      | Found Bet Awky's Book Shop.
  4467 | D:5      | Found Igogur's Jewellery Shop.
  4673 | D:5      | Reached * piety under Okawaru
  4925 | D:6      | Reached XP level 9. HP: 54/71 MP: 8/8
  4978 | D:6      | You fall into a shaft and drop 1 floor!
  5619 | D:6      | Noticed Maggie
  5637 | D:6      | Killed Maggie
  5638 | D:6      | Reached skill level 9 in Axes
  5814 | D:6      | Found Utholudo's Weapon Boutique.
  7431 | D:7      | Reached skill level 10 in Axes
  7465 | D:8      | Noticed Psyche
  7641 | D:8      | Reached ** piety under Okawaru
  8032 | D:8      | Noticed Maurice
  8045 | D:8      | Killed Maurice
  8046 | D:8      | Reached XP level 10. HP: 61/78 MP: 9/9
  8281 | D:8      | Found a hazy altar of Hepliaklqana.
  8685 | D:8      | Found a blossoming altar of Fedhas.
  8689 | D:8      | Found a glowing golden altar of the Shining One.
  8707 | D:8      | Gained mutation: You passively dampen the noise of your
                  | surroundings. [potion of mutation]
  8707 | D:8      | Gained mutation: You are frail. (-10% HP) [potion of
                  | mutation]
  8707 | D:8      | Gained mutation: You expend magic power (3 MP) to
                  | strengthen your wands. [potion of mutation]
  8708 | D:8      | Lost mutation: You are frail. (-10% HP) [potion of
                  | mutation]
  8708 | D:8      | Lost mutation: You passively dampen the noise of your
                  | surroundings. [potion of mutation]
  8708 | D:8      | Gained mutation: You occasionally lose the ability to drink
                  | potions when taking damage. [potion of mutation]
  8708 | D:8      | Gained mutation: You occasionally shout uncontrollably at
                  | your foes. [potion of mutation]
  8708 | D:8      | Gained mutation: You are robust. (+10% HP) [potion of
                  | mutation]
  8708 | D:8      | Gained mutation: You are partially covered in iridescent
                  | scales. (AC +2) [potion of mutation]
  8709 | D:8      | Lost mutation: You occasionally lose the ability to drink
                  | potions when taking damage. [potion of mutation]
  8709 | D:8      | Lost mutation: You are robust. (+10% HP) [potion of
                  | mutation]
  8709 | D:8      | Gained mutation: Your muscles are strong. (Str +4, Int/Dex
                  | -1) [potion of mutation]
  8709 | D:8      | Gained mutation: You occasionally lose the ability to drink
                  | potions when taking damage. [potion of mutation]
  8709 | D:8      | Gained mutation: You have sharp toenails. [potion of
                  | mutation]
  8710 | D:8      | Lost mutation: You expend magic power (3 MP) to strengthen
                  | your wands. [potion of mutation]
  8710 | D:8      | Lost mutation: You have sharp toenails. [potion of
                  | mutation]
  8710 | D:8      | Gained mutation: Your natural rate of healing is unusually
                  | fast. [potion of mutation]
  8710 | D:8      | Gained mutation: You are mostly covered in iridescent
                  | scales. (AC +4) [potion of mutation]
  9197 | D:8      | Reached *** piety under Okawaru
  9239 | D:9      | Reached skill level 15 in Shields
  9360 | D:9      | Reached skill level 11 in Axes
  9452 | D:9      | Noticed a cyclops
  9454 | D:9      | Noticed a red ugly thing
  9454 | D:9      | Noticed a centaur warrior
  9454 | D:9      | Noticed a boulder beetle
  9454 | D:9      | Noticed a centaur warrior
  9454 | D:9      | Noticed a cyclops
  9480 | D:9      | Killed a cyclops
  9481 | D:9      | Reached skill level 5 in Fighting
  9481 | D:9      | Reached skill level 5 in Armour
  9496 | D:9      | Killed a cyclops
  9496 | D:9      | Reached **** piety under Okawaru
  9630 | D:9      | Noticed a fire dragon
  9638 | D:9      | Killed a fire dragon
  9749 | D:9      | Killed a centaur warrior
  9750 | D:9      | Reached XP level 11. HP: 48/89 MP: 10/10
  9824 | D:9      | Found a shimmering blue altar of Sif Muna.
  9852 | D:9      | Reached ***** piety under Okawaru
  9860 | D:9      | Killed a centaur warrior
  9908 | D:9      | Killed a red ugly thing
  9920 | D:10     | Entered Level 10 of the Dungeon
 10221 | D:9      | Found a runed translucent door.
 10221 | D:9      | Found a runed translucent door.
 10221 | D:9      | Noticed a deep elf pyromancer
 10270 | D:9      | Identified the ring of Greed {+Blink MP+9 Dex-3 Slay+4
                  | SInv}
 10494 | D:10     | Found a stormy altar of Qazlal.
 10775 | D:10     | Found a shimmering altar of Xom.
 10787 | D:10     | Reached skill level 12 in Axes
 10832 | D:10     | Paralysed by a hornet for 2 turns
 10924 | D:10     | Found Vokablou's Antique Armour Emporium.
 10926 | D:10     | Found Irchaanaa's Antique Armour Emporium.
 10931 | D:10     | Found Ophea's Weapon Emporium.
 10932 | D:10     | Found Honetuyrch's Antique Armour Emporium.
 10946 | D:10     | Bought a pair of glowing gloves for 270 gold pieces
 11146 | D:10     | Identified the +5 scale mail of Ugryntad {Int+2} (Okawaru
                  | gifted it to you on level 10 of the Dungeon)
 11146 | D:10     | Received a gift from Okawaru
 11361 | D:10     | Found a staircase to the Orcish Mines.
 11537 | D:11     | Found a staircase to the Lair.
 11551 | D:11     | Reached skill level 1 in Invocations
 11671 | D:11     | Reached skill level 13 in Axes
 11774 | Lair:1   | Entered Level 1 of the Lair of Beasts
 11813 | Lair:1   | Reached XP level 12. HP: 100/100 MP: 13/13
 12166 | Lair:1   | Noticed a death yak
 12166 | Lair:1   | Noticed a death yak
 12166 | Lair:1   | Noticed a death yak
 12168 | Lair:1   | Noticed a death yak
 12175 | Lair:1   | Noticed a death yak
 12193 | Lair:1   | Killed a death yak
 12194 | Lair:1   | Reached skill level 14 in Axes
 12196 | Lair:1   | Killed a death yak
 12209 | Lair:1   | Killed a death yak
 12215 | Lair:1   | Killed a death yak
 12224 | Lair:1   | Killed a death yak
 12224 | Lair:1   | Received a gift from Okawaru
 12225 | Lair:1   | Reached skill level 5 in Invocations
 12337 | Lair:1   | Reached skill level 15 in Axes
 12689 | Lair:2   | Noticed a six-headed hydra
 13101 | Lair:2   | Found a runed translucent gate.
 13101 | Lair:2   | Found a runed translucent gate.
 13101 | Lair:2   | Noticed Elebi's ghost (journeyman DrTm)
 13101 | Lair:2   | Noticed Kotami's ghost (journeyman OpFi)
 13102 | Lair:2   | Found a runed translucent gate.
 13102 | Lair:2   | Noticed Qucvyi Areg's ghost (journeyman DrTm)
 13102 | Lair:2   | Noticed Huxoxzufuz's ghost (journeyman GnFi)
 13104 | Lair:2   | Noticed TrollFarmer's ghost (journeyman SpEn)
 13125 | Lair:2   | Killed a six-headed hydra
 13288 | Lair:2   | Reached skill level 16 in Axes
 13458 | Lair:2   | Found a staircase to the Shoals.
 13785 | Lair:2   | Noticed a six-headed hydra
 13793 | Lair:2   | Killed a six-headed hydra
 13829 | Lair:2   | Reached XP level 13. HP: 65/105 MP: 17/17
 13895 | Lair:2   | Found a hole to the Spider Nest.
 14300 | Lair:3   | Found a transporter.
 14324 | Lair:3   | Found a transporter.
 14380 | Lair:3   | Lost mutation: You occasionally shout uncontrollably at
                  | your foes. [potion of mutation]
 14380 | Lair:3   | Lost mutation: You are mostly covered in iridescent scales.
                  | (AC +4) [potion of mutation]
 14380 | Lair:3   | Lost mutation: Your muscles are strong. (Str +4, Int/Dex
                  | -1) [potion of mutation]
 14380 | Lair:3   | Gained mutation: You passively map a small area around you.
                  | [potion of mutation]
 14380 | Lair:3   | Gained mutation: Your movements are slightly less
                  | encumbered by armour. (ER -2) [potion of mutation]
 14500 | Lair:3   | Identified the +0 hat of the Shoals {rC+} (Okawaru gifted
                  | it to you on level 3 of the Lair of Beasts)
 14500 | Lair:3   | Received a gift from Okawaru
 14610 | Lair:3   | Reached skill level 17 in Axes
 15158 | Lair:4   | Reached skill level 18 in Axes
 15628 | Lair:4   | Slain by a black mamba

Illustrated notes

Levels and vault maps discovered:
D:1:      dpeg_arrival_rooms_with_view, layout_rooms
D:2:      layout_basic
D:3:      layout_rooms, lemuel_round_altar, serial_shops, shop,
          nicolae_lakefront_shop, shop, shop, shop, dk_noncrumbling_3
D:4:      layout_rooms, serial_shops, nicolae_shop_just_a_little_nook,
          minmay_close_crescents, uniq_eustachio, uniq_pikel
D:5:      layout_cave_pools, grunt_temple_overflow_open,
          lemuel_zombie_altar_yredelemnul, minmay_temple_entry_waves,
          nicolae_shop_distant_corner_stores
D:6:      layout_cave_pools, serial_shops, kennysheep_mini_moat,
          kennysheep_nondescript, nicolae_elevator_lobby_plus, uniq_maggie
D:7:      layout_basic
D:8:      layout_rooms, minmay_overflow_temple_star_quad, uniq_maurice,
          uniq_psyche
D:9:      minmay_the_grid_triangle_9x9_recursive_2_mashed
          [minmay_the_grid_triangle_9x9_prize_top_heavy,
          minmay_the_grid_triangle_9x9_windchime,
          minmay_the_grid_triangle_9x9_empty,
          minmay_the_grid_triangle_9x9_tough_junction], layout_basic,
          lemuel_blue_sif_altar, nicolae_water_bricks, kennysheep_just_a_vault
D:10:     layout_rooms, grunt_qazlal_sundering, xom_confusion_cloud, erik_orc_1,
          minmay_shop_grid_forest
D:11:     layout_irregular_city, david_lair_shrubbed
Temple:   nicolae_temple_godzebo
Lair:1:   layout_long_grid, lemuel_fruit_fields
Lair:2:   layout_cave_pods, minmay_shoals_entry_hut,
          nicolae_spider_entry_tight_spaces, gammafunk_ghost_cemetery,
          grunt_megastairs_1
Lair:3:   gammafunk_cloud_chamber, layout_gridlike
Lair:4:   layout_small_grid, grunt_megastairs_3

Skill      XL: |  1  2  3  4  5  6  7  8  9 10 11 12 13 |
---------------+----------------------------------------+-----
Shields        | 4 5 7 9 11 14 15 16 | 16.8
Axes           | 3 4 5 6 8 10 11 13 16 18 | 18.4
Fighting       | 5 7 |  7.3
Armour         | 5 7 |  7.3
Invocations    | 3 6 |  6.9

Action                     |  1- 3 |  4- 6 |  7- 9 | 10-12 | 13-15 || total
---------------------------+-------+-------+-------+-------+-------++-------
  Melee: War axe           |    76 |   112 |   330 |   633 |   132 ||  1283
         Headbutt          |    10 |     9 |    61 |   151 |    40 ||   271
         Spear             |       |       |       |     8 |    12 ||    20
  Throw: Boomerang         |       |       |    12 |    11 |       ||    23
         Throwing net      |       |       |     1 |       |       ||     1
 Invoke: Heroism           |       |       |     1 |     4 |     1 ||     6
         Finesse           |       |       |       |     1 |       ||     1
  Evoke: Wand              |       |       |     1 |     9 |       ||    10
    Use: Scroll            |     1 |     2 |     1 |     6 |     6 ||    16
         Potion            |       |     1 |     4 |     5 |     1 ||    11
   Stab: Invisible         |       |       |       |     1 |       ||     1
 Armour: Scale mail        |    39 |    59 |   125 |   144 |    65 ||   432
         Plate armour      |       |       |       |   187 |       ||   187
  Dodge: Dodged            |    40 |    68 |   133 |   276 |    68 ||   585
  Block: Buckler           |    20 |    34 |   101 |   237 |    49 ||   441
